AoeStats
← ShangTsung

Arabia

509665656Analyzed
1v1 RM · 5d ago on Sep 27, 2026· 34m 21s· 2 players
Game mode
Random Map
Map size
Tiny (2 player)
Population
200
Speed
Normal
Resources
Standard
Victory
Conquest
Starting age
Dark Age
Ending age
Imperial Age
RankedLock teamsTeams togetherTeam positionsShared explorationLock speedFull tech treeHidden civsTurbo modeCheats
Victory
Defeat
🇧🇷 Byzantines · Brazil
1335
+15
🇧🇷 Byzantines · Brazil
1312
-15
lucianohdr
7:48 Loom
9:59 Feudal Age
10:34 Double-Bit Axe
13:36 Horse Collar
15:54 Forging
17:14 Wheelbarrow
21:44 Castle Age
19:51 Fletching
19:58 Gold Mining
21:09 Padded Archer Armor
22:41 Bodkin Arrow
22:25 Crossbowman
25:57 Bow Saw
27:35 Ballistics
28:16 Leather Archer Armor
27:55 Pikeman
28:35 Squires
29:02 Scale Mail Armor
33:28 Chain Mail Armor
ShangTsung
2:32 Loom
11:31 Feudal Age
12:03 Double-Bit Axe
11:59 Horse Collar
14:56 Wheelbarrow
23:04 Castle Age
21:33 Scale Barding Armor
22:18 Forging
24:48 Iron Casting
24:22 Husbandry
25:29 Light Cavalry
28:51 Squires
30:40 Bow Saw
Connection lost

Rejoining the realm…

Still unreachable

The connection could not be restored.

Session expired

The server has moved on; the page needs a fresh start.